 Dungeon Crawl Stone Soup version 0.21.1-1-g345015f (webtiles) character file.

994 lysyklops the Gusty (level 7, -1/50 HPs)
             Began as a Green Draconian Air Elementalist on July 26, 2018.
             Was an Initiate of Vehumet.
             Killed from afar by an orc wizard (9 damage)
             ... with a puff of flame
             ... on level 5 of the Dungeon.
             The game lasted 00:20:04 (6553 turns).

lysyklops the Gusty (DrAE)                          Turns: 6553, Time: 00:20:05

Health: -1/50      AC:  8    Str: 10    XL:     7   Next: 99%
Magic:  0/12       EV: 13    Int: 18    God:    Vehumet [......]
Gold:   301        SH:  0    Dex: 11    Spells: 10/13 levels left

rFire    . . .     SeeInvis .   k - +0 dagger
rCold    . . .     Gourm    .   (no shield)
rNeg     . . .     Faith    .   (armour unavailable)
rPois    +         Spirit   .   (helmet restricted)
rElec    .         Reflect  .   t - +0 cloak
rCorr    .         Harm     .   h - +0 pair of gloves
MR       .....                  (no boots)
Stlth    ++........             (no amulet)
HPRegen  0.16/turn              (no ring)
MPRegen  0.13/turn              (no ring)

@: marked
A: breathe noxious fumes, unfitting armour, poison resistance, cold-blooded, AC
+6
a: Breathe Noxious Fumes, Renounce Religion


You were on level 5 of the Dungeon.
You worshipped Vehumet.
Vehumet was noncommittal.
You were hungry.

You visited 2 branches of the dungeon, and saw 6 of its levels.

You collected 301 gold pieces.

Inventory:

Hand Weapons
 e - a +0 club
 k - a +0 dagger (weapon)
Missiles
 f - 123 stones (quivered)
Armour
 h - a +0 pair of gloves (worn)
 t - a +0 cloak (worn)
 u - a +0 pair of gloves
 w - a +2 buckler of poison resistance
Jewellery
 q - an uncursed ring of stealth {unknown}
 r - a +2 ring of slaying {unknown}
Wands
 n - a wand of paralysis (19)
Scrolls
 d - 4 scrolls of identify {unknown}
 i - 2 scrolls of teleportation {unknown}
 m - 5 scrolls of remove curse {unknown}
 o - 3 scrolls of blinking {unknown}
 s - a scroll of noise {unknown}
Potions
 c - 2 potions of heal wounds {unknown}
 g - 2 potions of flight {unknown}
 j - a potion of agility
 l - a potion of lignification {unknown}
 p - a potion of cancellation {unknown}
 v - a potion of mutation {unknown}
Books
 a - a book of Air

   Spells                             Type                      Level
   a - Shock                          Conjuration/Air              1
   b - Swiftness                      Charms/Air                   2
   c - Static Discharge               Conjuration/Air              3
   d - Airstrike                      Air                          4
   e - Lightning Bolt                 Conjuration/Air              5
Comestibles
 b - 7 rations


   Skills:
 + Level 3.3 Short Blades
 + Level 3.7 Dodging
 - Level 1.8 Stealth
 + Level 3.8 Spellcasting
 + Level 3.6 Conjurations
 * Level 6.2 Air Magic


You had 10 spell levels left.
You knew the following spells:

 Your Spells              Type           Power        Failure   Level  Hunger
a - Shock                 Conj/Air       ###.         1%          1    None
b - Swiftness             Chrm/Air       ##......     6%          2    ##.....


Dungeon Overview and Level Annotations

Branches:
Dungeon (5/15)             Temple (1/1) D:4

Altars:
Ashenzari
Cheibriados
Dithmenos
Elyvilon
Fedhas
Gozag
Hepliaklqana
Kikubaaqudgha
Makhleb
Nemelex Xobeh
Okawaru
Qazlal
Trog
Uskayaw
Vehumet
Xom
Yredelemnul
The Shining One

Annotations:
D:5 Pikel


Innate Abilities, Weirdness & Mutations

You can breathe blasts of noxious fumes.
Your lurid green scales are hard. (AC +6)
You cannot fit into any form of body armour.
Your system is resistant to poisons. (rPois)
You are cold-blooded and may be slowed by cold attacks.


Message History

Confirm with . or Enter, or press ? or * to list all spells.
Aiming: Shock
Press: ? - help, Shift-Dir - straight line, f/p - orc wizard
Aim: an orc wizard, wielding a dagger and wearing a robe (severely wounded, fast)
The zap hits the orc wizard.
The orc wizard is almost dead.
The orc wizard casts a spell at you. The magic dart hits you!
You closely miss the orc wizard.
The orc wizard is almost dead.
The orc wizard gestures at you while chanting.
The puff of flame hits you!
* * * LOW HITPOINT WARNING * * *
The orc wizard hits you but does no damage.
The orc wizard casts a spell at you. The puff of frost hits you!
* * * LOW HITPOINT WARNING * * *
The orc wizard gestures at you while chanting.
The puff of flame hits you!
You die...

#.# #.# ######..# #.##### #.#
#.###...##..# ###.##### #.#
#...........#######......## #.#
#####...##[............#.## #)#
##.###.########.#..#.## #.# #.#
#.# #.#.>.... #(# ##.###.#
####.#..#.##
#)#######...##.#####.......#.#
#.).....(...o.@......#####.#.##
#########..p#.#####..# #.....
##.##.##..†÷.# #.#.##
#.##.##.###.# #.#.## #K##.##.
#.#####.#.## ############p##.##.#
#.......#.## #..†[)pK.p....#.##.#
####.#.##.##
#.##########..#.##.#####....##.##
#..#.............##.##


You could see a slave and an orc wizard.

Vanquished Creatures
  Grinder (D:5)
  Menkaure (D:5)
  A black bear (D:5)
  2 centaurs (D:5)
  2 crimson imps (D:5)
  An orc wizard (D:5)
  2 worker ants
  A howler monkey skeleton (D:5)
  10 adders
  3 oozes
  An adder skeleton (D:4)
  2 worms
  A dart slug (D:4)
  3 leopard geckos
  15 orcs
  3 bats
  5 giant cockroaches
  13 hobgoblins
  10 jackals
  4 quokkas
  2 ball pythons
  8 frilled lizards
  8 goblins
  10 kobolds
  13 rats
122 creatures vanquished.

Vanquished Creatures (others)
  An orc wizard (D:5)
1 creature vanquished.

Grand Total: 123 creatures vanquished

Notes
Turn   | Place    | Note
-------+----------+-------------------------------------------
     0 | D:1      | lysyklops the Draconian Air Elementalist began the quest for the Orb.
     0 | D:1      | Reached XP level 1. HP: 14/14 MP: 3/3
   238 | D:1      | Reached XP level 2. HP: 20/20 MP: 0/5
  1102 | D:1      | Reached XP level 3. HP: 26/26 MP: 2/6
  1955 | D:2      | Reached skill level 1 in Short Blades
  2024 | D:2      | Reached XP level 4. HP: 17/33 MP: 3/7
  2452 | D:2      | Found a faded altar of an unknown god.
  2613 | D:3      | Reached skill level 4 in Air Magic
  3268 | D:3      | Reached XP level 5. HP: 38/38 MP: 7/9
  3340 | D:3      | Found a hazy altar of Hepliaklqana.
  4017 | D:4      | Found a stormy altar of Qazlal.
  4038 | D:4      | Found a staircase to the Ecumenical Temple.
  4064 | Temple   | Entered the Ecumenical Temple
  4116 | Temple   | Became a worshipper of Vehumet
  4809 | D:5      | Entered Level 5 of the Dungeon
  4963 | D:5      | Noticed Menkaure
  4968 | D:5      | Learned a level 2 spell: Swiftness
  4988 | D:5      | Killed Menkaure
  4988 | D:5      | Reached XP level 6. HP: 14/45 MP: 0/10
  5260 | D:5      | Reached skill level 5 in Air Magic
  5391 | D:5      | Your scales start taking on a lurid green colour.
  5391 | D:5      | Reached XP level 7. HP: 19/50 MP: 3/12
  5391 | D:5      | Gained mutation: Your system is resistant to poisons. (rPois) [Green Draconian growth]
  6024 | D:5      | Noticed Grinder
  6033 | D:5      | Paralysed by Grinder for 6 turns
  6059 | D:5      | Killed Grinder
  6059 | D:5      | Reached skill level 6 in Air Magic
  6538 | D:5      | Noticed Pikel
  6553 | D:5      | Killed from afar by an orc wizard

Skill      XL: |  1  2  3  4  5  6  7 |
---------------+----------------------+-----
Dodging        | 2 3 |  3.7
Short Blades   | 1 2 3 |  3.3
Air Magic      | 4 5 6 |  6.2
Conjurations   | 2 3 |  3.6
Spellcasting   | 3 |  3.8
Stealth        | |  1.8

Action                   |  1- 3 |  4- 6 |  7- 9 || total
-------------------------+-------+-------+-------++-------
Melee: Club              |     5 |       |       ||     5
       Tailslap          |     5 |     5 |     2 ||    12
       Dagger            |    48 |    34 |    36 ||   118
 Cast: Shock             |    83 |   173 |    56 ||   312
       Swiftness         |       |     1 |       ||     1
 Abil: Breathe Noxious F |       |       |     1 ||     1
  Eat: Chunk             |     4 |     6 |     2 ||    12
       Ration            |     1 |     1 |       ||     2
Armor: Skin              |    21 |    15 |    18 ||    54
Dodge: Dodged            |    40 |    41 |    30 ||   111
